 Dungeon Crawl Stone Soup version 0.22-a0-460-g49b1da7e92 (webtiles) character file.

547 Oravi the Gusty (level 7, 0/40 HPs)
             Began as a Tengu Air Elementalist on June 9, 2018.
             Slain by a water moccasin (3 damage)
             ... on level 5 of the Dungeon.
             The game lasted 00:17:15 (5026 turns).

Oravi the Gusty (Tengu Air Elementalist)            Turns: 5026, Time: 00:17:15

Health: 0/40       AC:  7    Str: 13    XL:     7   Next: 28%
Magic:  11/13      EV: 14    Int: 17    God:
Gold:   133        SH:  0    Dex: 15    Spells: 3/13 levels left

rFire    . . .     SeeInvis .   q - +1 war axe
rCold    . . .     Gourm    .   (no shield)
rNeg     . . .     Faith    .   a - +1 robe
rPois    .         Spirit   .   (helmet restricted)
rElec    .         Reflect  .   (no cloak)
rCorr    .         Harm     .   (no gloves)
MR       .....                  (boots unavailable)
Stlth    +.........             (no amulet)
HPRegen  0.13/turn              o - ring of loudness (curse)
MPRegen  0.13/turn              w - +4 ring of protection

@: mighty, lethally poisoned (0 -> -50)
A: beak, talons 3, able to fly 1
a: Fly


You were on level 5 of the Dungeon.
You were very hungry.

You visited 2 branches of the dungeon, and saw 6 of its levels.

You collected 133 gold pieces.

Inventory:

Hand Weapons
 i - a +0 dagger of venom
 j - a +0 dagger of draining
 q - a +1 war axe (weapon)
 s - a +0 club
Missiles
 m - 134 stones (quivered)
Armour
 a - a +1 robe (worn)
 x - a cursed +0 shield
Jewellery
 o - a cursed ring of loudness (left hand)
 w - a +4 ring of protection (right hand)
Wands
 y - a wand of iceblast (8)
Scrolls
 h - 3 scrolls of enchant weapon
 k - 5 scrolls of identify
 t - 2 scrolls of enchant armour
 u - a scroll of blinking {unknown}
 v - a scroll of noise {unknown}
 z - a scroll of teleportation {unknown}
Potions
 b - a potion of haste
 d - a potion of berserk rage
 l - a potion of degeneration {unknown}
 n - 2 potions of curing {unknown}
 p - a potion of flight {unknown}
 r - a potion of magic {unknown}
Comestibles
 c - 6 rations


   Skills:
 - Level 2.7 Fighting
 - Level 0.2 Axes
 - Level 3.8 Dodging
 - Level 2.0 Stealth
 + Level 0.4 Shields
 - Level 3.6 Spellcasting
 - Level 4.7 Conjurations
 - Level 6.1 Air Magic


You had 3 spell levels left.
You knew the following spells:

 Your Spells              Type           Power        Failure   Level  Hunger
a - Shock                 Conj/Air       ###.         1%          1    None
b - Swiftness             Chrm/Air       ##......     7%          2    ##.....
c - Static Discharge      Conj/Air       ###.....     5%          3    ###....
d - Airstrike             Air            ###.......   13%         4    ####...

Your spell library contained the following spells:

 Spells                   Type           Power        Failure   Level  Hunger
 Lightning Bolt           Conj/Air       ###.......   45%         5    ######.


Dungeon Overview and Level Annotations

Branches:
Dungeon (5/15)             Temple (1/1) D:5

Altars:
Ashenzari
Dithmenos
Fedhas
Gozag
Hepliaklqana
Kikubaaqudgha
Makhleb
Nemelex Xobeh
Okawaru
Qazlal
Ru
Xom
Zin
The Shining One

Annotations:
D:3 Soveliss's ghost, amateur NaFi


Innate Abilities, Weirdness & Mutations

You have a beak for a mouth.
You have claws for feet.
You can fly.


Message History

You feel very sick.
The water moccasin bites you but does no damage.
The water moccasin bites you.
You are more poisoned.
The water moccasin poisons you!
You are too injured to fight recklessly!
You closely miss the water moccasin.
The water moccasin is moderately wounded.
You feel very sick. The water moccasin barely misses you.
The water moccasin bites you but does no damage.
You closely miss the water moccasin.
The water moccasin is moderately wounded.
* * * LOW HITPOINT WARNING * * *
You feel very sick. The water moccasin bites you.
* * * LOW HITPOINT WARNING * * *
You are more poisoned.
The water moccasin poisons you! The water moccasin bites you.
You die...

.#####.### ##
.......... ...
#####..## ##..
##)##
...###+#######
#.## #...........#
#..# #...........#
##.# #...S.......#
#..
#....@......####
##.
...##########....#
#. #.(..# #.
#....# ####
#....####...
#....'..+...
##....####...
#............
#............


You could see a water moccasin.

Vanquished Creatures
  2 ogres (D:4)
  A scorpion (D:4)
  A vampire bat (D:4)
  An orc priest (D:4)
  A hound (D:4)
  A bullfrog skeleton (D:5)
  A centaur skeleton (D:4)
  A worker ant (D:4)
  A hound skeleton (D:5)
  A howler monkey zombie (D:5)
  3 adders
  3 worms (D:4)
  A dart slug (D:1)
  A leopard gecko (D:5)
  6 orcs
  3 bats
  3 bat skeletons (D:4)
  2 bat zombies (D:4)
  8 giant cockroaches
  8 goblins
  11 hobgoblins
  5 jackals (D:4)
  2 quokkas (D:3)
  A ball python skeleton (D:4)
  A frilled lizard (D:1)
  4 kobolds
  3 rats
76 creatures vanquished.

Notes
Turn   | Place    | Note
-------+----------+-------------------------------------------
     0 | D:1      | Oravi the Tengu Air Elementalist began the quest for the Orb.
     0 | D:1      | Reached XP level 1. HP: 10/10 MP: 4/4
   151 | D:1      | Reached XP level 2. HP: 15/15 MP: 0/6
   777 | D:1      | Reached XP level 3. HP: 19/19 MP: 1/7
   781 | D:1      | Learned a level 2 spell: Swiftness
   785 | D:1      | Learned a level 3 spell: Static Discharge
  1179 | D:2      | Found a blossoming altar of Fedhas.
  1282 | D:2      | Found a faded altar of an unknown god.
  1507 | D:2      | Found a sparkling altar of Nemelex Xobeh.
  2147 | D:3      | Found a glowing golden altar of the Shining One.
  2158 | D:3      | Noticed Soveliss's ghost (amateur NaFi)
  2257 | D:3      | Reached XP level 4. HP: 24/24 MP: 1/8
  3130 | D:4      | Noticed an ogre
  3141 | D:4      | Killed an ogre
  3141 | D:4      | Reached skill level 1 in Fighting
  3141 | D:4      | Reached skill level 5 in Air Magic
  3141 | D:4      | Gained mutation: You can fly. [Tengu growth]
  3141 | D:4      | Reached XP level 5. HP: 29/29 MP: 4/10
  3206 | D:4      | Found a shattered altar of Ashenzari.
  3590 | D:4      | Reached XP level 6. HP: 35/35 MP: 6/11
  3596 | D:4      | Learned a level 4 spell: Airstrike
  3624 | D:4      | Found an ancient bone altar of Kikubaaqudgha.
  4118 | D:4      | Reached XP level 7. HP: 27/40 MP: 8/13
  4428 | D:4      | Reached skill level 6 in Air Magic
  4737 | D:5      | Entered Level 5 of the Dungeon
  4891 | D:5      | Found a staircase to the Ecumenical Temple.
  4903 | Temple   | Entered the Ecumenical Temple
  5026 | D:5      | Slain by a water moccasin

Vault maps used:
D:1:      lemuel_arrival_behind_the_door_large
D:2:      nemelex_xobeh_ov_fountains_minmay, fedhas_altar_2,
          chequers_ecumenical_altar_simple_redux
D:3:      old_standard_altar
D:4:      kennysheep_vampire_church, evilmike_ruin_ashenzari, first_ration
D:5:      temple_fountains
Temple:   dpeg_three_leaves_temple

Skill      XL: |  1  2  3  4  5  6  7 |
---------------+----------------------+-----
Conjurations   | 2 3 4 |  4.7
Fighting       | 1 2 |  2.7
Air Magic      | 5 6 |  6.1
Spellcasting   | 3 |  3.6
Dodging        | 3 |  3.8
Axes           | |  0.2
Stealth        | |  2.0
Shields        | |  0.4

Action                   |  1- 3 |  4- 6 |  7- 9 || total
-------------------------+-------+-------+-------++-------
Melee: Unarmed           |     4 |       |       ||     4
       Peck              |     3 |     5 |     1 ||     9
       Dagger            |     7 |    16 |       ||    23
       Kick              |     2 |     6 |     2 ||    10
       War axe           |     3 |    14 |    13 ||    30
Throw: Stone             |       |     5 |       ||     5
 Cast: Shock             |    96 |    72 |    30 ||   198
       Static Discharge  |       |       |     1 ||     1
  Use: Scroll            |     9 |       |       ||     9
       Potion            |       |       |     3 ||     3
  Eat: Chunk             |     5 |     6 |     2 ||    13
Armor: Robe              |     8 |     8 |     5 ||    21
Dodge: Dodged            |    19 |    34 |    10 ||    63

Table legend:
 A = Spawn XP
 B = Non-spawn XP
 C = Spawn XP percentage of total XP
 D = Spawn monster count
 E = Non-spawn monster count
 F = Spawn count percentage of total count
 G = Total turns spent on level
                    A         B        C        D         E        F      G
               +---------+---------+-------+---------+---------+-------+---------
         Total |       0 |     782 |   0.0 |       0 |      76 |   0.0 |  5026
               +---------+---------+-------+---------+---------+-------+---------
           D:1 |       0 |      36 |   0.0 |       0 |      19 |   0.0 |  1112
           D:2 |       0 |      13 |   0.0 |       0 |       7 |   0.0 |   922
           D:3 |       0 |      56 |   0.0 |       0 |      18 |   0.0 |  1048
           D:4 |       0 |     596 |   0.0 |       0 |      28 |   0.0 |  1655
           D:5 |       0 |      81 |   0.0 |       0 |       4 |   0.0 |   205
               +---------+---------+-------+---------+---------+-------+---------
